 Dungeon Crawl Stone Soup version 0.28.0-53-g5a82cb258f (webtiles) character file.

Game seed: 2270427621111762833

23 sking99 the Vexing (level 2, 20/21 HPs)
             Began as a Demonspawn Arcane Marksman on June 3, 2022.
             Quit the game on level 1 of the Dungeon.
             The game lasted 00:01:30 (481 turns).

sking99 the Vexing (Demonspawn Arcane Marksman)      Turns: 481, Time: 00:01:31

Health: 20/21      AC:  2    Str: 10    XL:     2   Next: 72%
Magic:  4/4        EV: 12    Int: 14    God:
Gold:   15         SH:  0    Dex: 13    Spells: 2/3 levels left

rFire   . . .      SeeInvis .   a - +0 shortbow
rCold   . . .      Faith    .   (shield currently unavailable)
rNeg    . . .      Spirit   .   d - +0 robe
rPois   .          Reflect  .   (no helmet)
rElec   .          Harm     .   (no cloak)
rCorr   .          Rampage  .   (no gloves)
Will    .....                   (no boots)
Stlth   +.........              (no amulet)
HPRegen 0.07/turn               (no ring)
MPRegen 0.09/turn               (no ring)

@: no status effects
A: spiny 1
a: no special abilities


You were on level 1 of the Dungeon.
You visited 1 branch of the dungeon, and saw 1 of its levels.

You collected 15 gold pieces.

Inventory:

Hand Weapons
 a - a +0 shortbow (weapon)
Missiles
 c - 12 arrows (quivered ammo)
Armour
 d - a +0 robe (worn)
Scrolls
 b - a scroll of noise {unknown}
Potions
 e - a potion of degeneration {unknown}


   Skills:
 + Level 1.4 Fighting
 * Level 2.3 Bows
 - Level 1.7 Dodging
 + Level 1.3 Spellcasting
 + Level 3.2 Hexes


You had 2 spell levels left.
You knew the following spells:

 Your Spells              Type           Power      Damage    Failure   Level
a - Slow                  Hex            36%        N/A       7%          1

Your spell library contained the following spells:

 Spells                   Type           Power      Damage    Failure   Level
 Inner Flame              Hex/Fire       5%         N/A       36%         3
 Portal Projectile        Hex/Tloc       10%        N/A       36%         3
 Cause Fear               Hex            4%         N/A       56%         4


Dungeon Overview and Level Annotations

Branches:
Dungeon (1/15)

Altars:


Innate Abilities, Weirdness & Mutations

You are partially covered in sharp spines.


Message History

c - 11 arrows (gained 1)
c - 14 arrows (gained 3)
A ball python comes into view.
The ball python hisses angrily.
The ball python barely misses you.
The ball python bites you but does no damage.
A ball python is nearby!
A ball python is nearby!
You shoot an arrow. The arrow hits the ball python.
You kill the ball python!
c - 14 arrows (gained 1)
A ball python comes into view.
Found a whip.
The ball python hisses angrily.
A ball python is nearby!
You shoot an arrow.
The arrow completely misses the ball python.
You shoot an arrow.
The arrow closely misses the ball python.
The ball python barely misses you.
You shoot an arrow.
The arrow closely misses the ball python.
The ball python is struck by your spines.
You kill the ball python!
No target in view!
You see here a ball python corpse.
c - 13 arrows (gained 2)
c - 14 arrows (gained 1)
A bat comes into view.
A bat is nearby!
You shoot an arrow.
The arrow hits the bat but does no damage.
The bat is struck by your spines. The bat hits you.
A bat is nearby!
You shoot an arrow. The arrow barely misses the bat.
The bat is struck by your spines.
You kill the bat!
Are you sure you want to abandon this character and quit the game? (Confirm with "yes".)
Okay, then.
Are you sure you want to abandon this character and quit the game? (Confirm with "yes".)

#...# ####.####..
##..# #....... #..#
######.# #..# #.#
#..# #.# #..# #.#
#..# ###.# #..#
#.... #.@# ###.#...
#..(..# ..##...
#..##(#.######.#...
#... ........#.#.#
##.. ..........#.#
#### #.#####.###.#
# #.# #.# #. #.#
#.# # #.#####.###.#


There were no monsters in sight!

Vanquished Creatures
  7 bats (D:1)
  3 endoplasms (D:1)
  2 giant cockroaches (D:1)
  2 goblins (D:1)
  2 kobolds (D:1)
  4 ball pythons (D:1)
  A frilled lizard (D:1)
  A rat (D:1)
22 creatures vanquished.

Notes
Turn   | Place    | Note
-------+----------+-------------------------------------------
     0 | D:1      | sking99 the Demonspawn Arcane Marksman began the quest for
                  | the Orb.
     0 | D:1      | Reached XP level 1. HP: 15/15 MP: 2/2
   206 | D:1      | Gained mutation: You are partially covered in sharp spines.
                  | [demonic ancestry]
   206 | D:1      | Reached XP level 2. HP: 21/21 MP: 3/3
   304 | D:1      | Found a faded altar of an unknown god.
   481 | D:1      | Quit the game

Illustrated notes

Levels and vault maps discovered:
D:1:      shiori_arrival_maze, layout_loops_ring, basic_ecumenical_altar

Skill      XL: |  1 |
---------------+----+-----
Bows           | 2 |  2.3
Fighting       | |  1.4
Dodging        | |  1.7
Spellcasting   | |  1.3
Hexes          | |  3.2

Action                   || total
-------------------------++-------
 Fire: Shortbow          ||    45
Armor: Robe              ||     4
Dodge: Dodged            ||     6
